 Dungeon Crawl Stone Soup version bcrawl-1.40.3b (webtiles) character file.

Game seed: 4715328000982207400

205198 Amelense the Cudgeler (level 5, -3/57 HPs)
             Began as an Ent Skald on Feb 6, 2024.
             Killed by divine providence
             ... invoked by an orc priest
              (12 damage)
             ... on level 3 of the Dungeon.
             The game lasted 00:11:37 (2124 turns).

Amelense the Cudgeler (Ent Skald)                   Turns: 2124, Time: 00:11:37

Health: -3/57      AC: 12    Str: 18    XL:     5   Next: 91%
Magic:  9/9        EV: 10    Int: 15    God:
Gold:   217        SH:  6    Dex:  9    Spells: 7/10 levels left

rFire    . . .     GDR:     30% a - +0 flail
rCold    . . .     SeeInvis .   (no shield)
rNeg     + + +     Gourm    .   (armour unavailable)
rPois    +         Faith    .   (helmet restricted)
rElec    .         Spirit   .   (no cloak)
rCorr    .         Reflect  .   (gloves unavailable)
MR       .....                  (boots unavailable)
Stlth    +.........             c - amulet of magic regeneration
HPRegen  0.19/turn              (no ring)
MPRegen  0.23/turn              (no ring)

@: singing (expiring), very slow
A: large, slow actions, passwall, strong branches, negative energy resistance 3,
poison resistance, slow metabolism 1, torment resistance, unbreathing, AC +12
a: Passwall


You were on level 3 of the Dungeon.
You were hungry.

You visited 1 branch of the dungeon, and saw 3 of its levels.

You collected 217 gold pieces.

Inventory:

Hand Weapons
 a - a +0 flail (weapon)
 h - a +2 dagger of holy wrath
 u - a +0 scythe
Missiles
 t - 81 javelins (quivered)
Jewellery
 c - an amulet of magic regeneration (around neck)
Scrolls
 f - a scroll of fog {unknown}
 g - a scroll of amnesia {unknown}
 i - 2 scrolls of identify
 k - 2 scrolls of remove curse {unknown}
 l - a scroll of noise {unknown}
 n - a scroll of revelation {unknown}
 q - a scroll of teleportation {unknown}
Potions
 b - a potion of resistance {unknown}
 d - a potion of flight {unknown}
 j - a potion of cancellation {unknown}
 m - a potion of heal wounds {unknown}
 o - a potion of ambrosia {unknown}
 p - 2 potions of degeneration {unknown}
 r - a potion of lignification {unknown}
 s - 2 potions of haste {unknown}
 w - 2 potions of brilliance {unknown}
Comestibles
 e - 2 rations {!d}
 v - 3 chunks of flesh


   Skills:
 + Level 3.4 Fighting
 + Level 4.3 Maces & Flails
 + Level 3.5 Dodging
 + Level 0.4 Stealth
 + Level 3.2 Spellcasting
 + Level 3.7 Charms


You had 7 spell levels left.
You knew the following spells:

 Your Spells              Type           Power        Failure   Level  Hunger
a - Infusion              Chrm           ##......     4%          1    None
b - Song of Slaying       Chrm           ##......     6%          2    #......

Your spell library contained the following spells:

 Spells                   Type           Power        Failure   Level  Hunger
 Swiftness                Chrm/Air       #.......     14%         2    #......
 Ozocubu's Armour         Chrm/Ice       #.......     26%         3    ####...
 Regeneration             Chrm/Necr      #.........   26%         3    ####...
 Spectral Weapon          Hex/Chrm       #.......     26%         3    ####...


Dungeon Overview and Level Annotations

Branches:
Dungeon (3/12)

Altars:


Innate Abilities, Weirdness & Mutations

You move and act slowly.
You can pass through walls and trees.
Your branches can wield two-handed weapons with a shield.
Your thick bark is tough. (AC +12)
You are too large for most types of armour.
You are immune to negative energy. (rN+++)
Your system is resistant to poisons. (rPois)
You have a slow metabolism.
You are immune to unholy pain and torment.
You can survive without breathing.


Message History

The orc priest hits you but does no damage.
The orc misses you.
You closely miss the orc wizard.
The orc wizard is lightly wounded.
The orc wizard barely misses you. You block the orc's attack.
The orc wizard hits you but does no damage.
The orc priest barely misses you. The orc misses you.
The orc barely misses you.
The orc wizard hits you but does no damage.
The orc wizard miscasts a cantrip.
You are feeling hungry.
You thump the orc!
You kill the orc!
Your song is almost over.
The orc wizard gestures at you while chanting.
The magic dart hits you but does no damage.
You block the orc wizard's attack.
The orc priest invokes the aid of Beogh against you.
Beogh smites you!
You die...

##.###########.##.##.####.##.
#####.........................##.
....)..............##....###..##.
....#..##########.....##.# #..###
....#..# #..#####.# #.....
....#..# #..# #.# #..###
#####..#### #####..#####.###..###
#........###....................
................@o.....#.........
##.##..##..######o.#.............
.................o.#.###.###..##.
##.##..#...#.####.............##.
# #..#.....# #..#.###.###.###.
..........# ....... ##.###.
........... ........ .......
..#...... ..... ... .......
.#........ .......


You could see an orc wizard, an orc priest and an orc.

Vanquished Creatures
  Sigmund (D:2)
  Robin (D:2)
  An ooze (D:1)
  3 worms
  2 leopard geckos
  2 orcs (D:3)
  2 ball pythons
  4 giant cockroaches
  15 goblins
  8 hobgoblins
  4 jackals (D:2)
  3 quokkas (D:2)
  2 bats (D:2)
  5 frilled lizards
  7 kobolds
  9 rats
69 creatures vanquished.

Notes
Turn   | Place    | Note
-------+----------+-------------------------------------------
     0 | D:1      | Amelense the Ent Skald began the quest for the Orb.
     0 | D:1      | Reached XP level 1. HP: 22/22 MP: 3/3
   198 | D:1      | Reached XP level 2. HP: 32/32 MP: 5/5
   660 | D:1      | Reached XP level 3. HP: 38/39 MP: 7/7
   663 | D:1      | Learned a level 2 spell: Song of Slaying
   991 | D:2      | Noticed Robin
  1019 | D:2      | Reached skill level 3 in Maces & Flails
  1025 | D:2      | Killed Robin
  1327 | D:2      | Reached XP level 4. HP: 44/47 MP: 6/8
  1779 | D:2      | Noticed Sigmund
  1787 | D:2      | Killed Sigmund
  1788 | D:2      | Reached skill level 4 in Maces & Flails
  1788 | D:2      | Reached XP level 5. HP: 54/57 MP: 4/9
  2124 | D:3      | Killed from afar by an orc priest

Skill      XL: |  1  2  3  4 |
---------------+-------------+-----
Maces & Flails | 3 4 |  4.3
Fighting       | 3 |  3.4
Dodging        | 3 |  3.5
Spellcasting   | 3 |  3.2
Stealth        | |  0.4
Charms         | |  3.7

Action                   |  1- 3 |  4- 6 || total
-------------------------+-------+-------++-------
Melee: Flail             |   115 |    98 ||   213
 Cast: Infusion          |    16 |     7 ||    23
       Song of Slaying   |     3 |     3 ||     6
  Use: Scroll            |     1 |       ||     1
 Stab: Fleeing           |     1 |       ||     1
  Eat: Chunk             |     1 |     6 ||     7
       Ration            |     1 |       ||     1
Armor: Skin              |    91 |    96 ||   187
Dodge: Dodged            |    94 |   133 ||   227
Block: Other             |     8 |     6 ||    14
